 Dungeon Crawl Stone Soup version 0.30-a0-950-gbf40cfac39 (webtiles) character file.

Game seed: 16323534321954012221

679 112233 the Conjurer (level 7, 0/41 HPs)
             Began as an Octopode Conjurer on Mar 28, 2023.
             Killed by divine providence
             ... invoked by an orc priest
              (14 damage)
             ... on level 5 of the Dungeon.
             The game lasted 00:04:13 (5496 turns).

112233 the Conjurer (Octopode Conjurer)             Turns: 5496, Time: 00:04:14

Health: 0/41       AC:  1    Str:  6    XL:     7   Next: 60%
Magic:  0/15       EV: 14    Int: 22    God:
Gold:   187        SH:  0    Dex: 11    Spells: 14/17 levels left

rFire   . . .      SeeInvis .    h - +0 dagger (drain)
rCold   . . .      Faith    .    (no shield)
rNeg    . . .      Spirit   .    (helmet restricted)
rPois   .          Reflect  .    (no amulet)
rElec   .          Rampage  .    s - ring of willpower
rCorr   .                        (no ring)
Will    +....                    (no ring)
Stlth   +++                      (no ring)
HPRegen 0.26/turn                (no ring)
MPRegen 0.14/turn                (no ring)
                                 (no ring)
                                 (no ring)

@: no status effects
A: almost no armour, amphibious, 8 rings, camouflage 1, gelatinous body 1,
(nimble swimmer 1), tentacles
a: no special abilities


You were on level 5 of the Dungeon.
You visited 1 branch of the dungeon, and saw 5 of its levels.

You collected 187 gold pieces.

Inventory:

Hand Weapons
 b - a +0 dagger
 h - a +0 dagger of draining (weapon)
Magical Staves
 f - a staff of earth
Jewellery
 s - a ring of willpower (left tentacle)
Wands
 w - a wand of mindburst (7)
 x - a wand of polymorph (7)
Scrolls
 g - 3 scrolls of teleportation {unknown}
 i - a scroll of identify
 m - 5 scrolls of fear
 o - a scroll of vulnerability {unknown}
 r - a scroll of amnesia {unknown}
 t - a scroll of enchant armour {unknown}
 v - 2 scrolls of torment {unknown}
Potions
 a - a potion of magic
 c - a potion of resistance
 d - a potion of haste {unknown}
 e - 4 potions of might
 j - a potion of flight {unknown}
 l - a potion of invisibility {unknown}
 n - a potion of brilliance {unknown}
 p - 2 potions of lignification {unknown}
 q - a potion of degeneration {unknown}
 u - a potion of mutation {unknown}


   Skills:
 + Level 4.3 Dodging
 - Level 3.0 Stealth
 * Level 5.5 Spellcasting
 + Level 5.6 Conjurations


You had 14 spell levels left.
You knew the following spells:

 Your Spells              Type           Power      Damage    Failure   Level
a - Magic Dart            Conj           100%       1d8       1%          1
b - Searing Ray           Conj           62%        2d6       1%          2

Your spell library contained the following spells:

 Spells                   Type           Power      Damage    Failure   Level
 Dazzling Flash           Conj/Hex       36%        N/A       9%          3
 Blink                    Tloc           12%        N/A       14%         2
 Ensorcelled Hibernation  Hex/Ice        12%        N/A       14%         2
 Portal Projectile        Hex/Tloc       12%        N/A       28%         3
 Spider Form              Tmut/Pois      6%         N/A       28%         3
 Tukima's Dance           Hex            6%         N/A       28%         3
 Fulminant Prism          Conj/Hex       9%         3d7       30%         4
 Iskenderun's Mystic Bla  Conj/Tloc      18%        2d6       30%         4
 Anguish                  Hex/Necr       3%         N/A       67%         4
 Manifold Assault         Tloc           6%         N/A       67%         4
 Blade Hands              Tmut           3%         N/A       95%         5
 Storm Form               Tmut/Air       3%         N/A       100%        7


Dungeon Overview and Level Annotations

Branches:
Dungeon (5/15)
 Temple: D:4-7

Altars:
Fedhas

Annotations:
D:4 exclusion: downstairs
D:5 Prince Ribbit


Innate Abilities, Weirdness & Mutations

You cannot wear most types of armour.
You are amphibious.
You can wear up to eight rings at the same time.
Your skin changes colour to match your surroundings (Stealth+).
Your rubbery body absorbs attacks. (AC +1, EV +1)
((You are camouflaged when in or above water. (Stealth+)))
You have tentacles for arms and can constrict up to eight enemies at once.


Message History

Unknown command.
Casting: Magic Dart (safe; 1% risk of failure)
Confirm with . or Enter, or press ? or * to list all spells.
You don't have enough magic to cast this spell.
Unknown command.
Casting: Magic Dart (safe; 1% risk of failure)
Confirm with . or Enter, or press ? or * to list all spells.
You don't have enough magic to cast this spell.
Unknown command.
You hit the orc priest but do no damage.
Your grab misses the orc priest.
The orc priest is heavily wounded.
The orc priest mumbles some strange prayers to Beogh against you.
Beogh smites you!
You barely miss the orc priest. Your grab misses the orc priest.
You squeeze the orc priest!
The orc priest is almost dead.
The orc priest hits you with a +0 club.
You are too injured to fight recklessly!
You are too injured to fight recklessly!
You are too injured to fight recklessly!
You closely miss the orc priest. Your grab misses the orc priest.
The orc priest is almost dead.
The orc priest hits you with a +0 club.
Unknown command.
You hit the orc priest but do no damage.
Your grab misses the orc priest.
You squeeze the orc priest, but do no damage.
The orc priest is almost dead.
The orc priest hits you with a +0 club.
Casting: Magic Dart (safe; 1% risk of failure)
Confirm with . or Enter, or press ? or * to list all spells.
Aiming: Magic Dart (safe; 1% risk of failure)
Press: ? - help, Shift-Dir - straight line, f/p - orc priest
Aim: an orc priest, wielding a +0 club and wearing a +0 chain mail (almost dead, 100% to hit)
The magic dart hits the orc priest but does no damage.
The orc priest is almost dead.
The orc priest calls down the wrath of Beogh upon you.
Beogh smites you!
You die...

.....###...##..##...#..####......
###..# ##...#..##...#............
##.## ##.)#..##..........#####.
##..####...........).....# ##
#.....###................# #
##...#....#................# #.
#...####..........#........# ....
...# ##....#..................#
..### #.......@..............#
..oo## #.......o)............#
.....####.###........... ..
.........## #.##.##..##.
..##.....# #..... .## ..####...#
.. ... # ...####..# #. ...
........... #.... .#......#...


You could see an orc priest.

Vanquished Creatures
  2 black bears (D:5)
  A scorpion (D:4)
  2 hounds
  3 orc priests
  An iguana (D:4)
  2 orc wizards
  7 adders
  6 gnolls
  3 worms
  2 dart slugs
  4 orcs
  3 bats
  10 endoplasms
  2 giant cockroaches
  7 goblins
  8 hobgoblins
  2 jackals (D:5)
  7 kobolds
  3 quokkas
  9 ball pythons
  3 frilled lizards
  4 rats
91 creatures vanquished.

Vanquished Creatures (others)
  2 plants (D:3)
2 creatures vanquished.

Grand Total: 93 creatures vanquished

Notes
Turn   | Place    | Note
-------+----------+-------------------------------------------
     0 | D:1      | 112233 the Octopode Conjurer began the quest for the Orb.
     0 | D:1      | Reached XP level 1. HP: 11/11 MP: 3/3
   262 | D:1      | Reached XP level 2. HP: 17/17 MP: 1/5
   982 | D:2      | Found a blossoming altar of Fedhas.
  1015 | D:2      | Reached XP level 3. HP: 21/21 MP: 0/6
  1572 | D:2      | Reached XP level 4. HP: 27/27 MP: 6/8
  1789 | D:2      | Found a faded altar of an unknown god.
  3157 | D:4      | Reached XP level 5. HP: 31/31 MP: 4/10
  3303 | D:5      | Entered Level 5 of the Dungeon
  3357 | D:5      | Learned a level 2 spell: Searing Ray
  3402 | D:4      | Reached XP level 6. HP: 34/36 MP: 8/12
  3621 | D:4      | Reached skill level 5 in Conjurations
  4716 | D:5      | Noticed a black bear
  4769 | D:5      | Reached XP level 7. HP: 41/41 MP: 9/14
  4777 | D:5      | Reached skill level 5 in Spellcasting
  5105 | D:5      | Noticed Prince Ribbit
  5237 | D:5      | HP: 2/41 [Prince Ribbit (12)]
  5496 | D:5      | Killed from afar by an orc priest

Illustrated notes

Levels and vault maps discovered:
D:1:      dpeg_arrival_pond, layout_basic
D:2:      cheibrodos_helix_gallery, layout_basic,
          shapermc_ecumenical_altar_ellora, basic_altar, minmay_quadrilaterals
D:3:      layout_loops_corners, chequers_serial_rivers_marsh,
          minmay_misc_feat_plants
D:4:      layout_loops_ring, nicolae_nh_ransacked_shop
D:5:      layout_layer_cave, uniq_prince_ribbit1, uniq_blork_the_orc

Skill      XL: |  1  2  3  4  5  6  7 |
---------------+----------------------+-----
Stealth        | 3 |  3.0
Spellcasting   | 3 4 5 |  5.5
Dodging        | 3 4 |  4.3
Conjurations   | 5 |  5.6

Action                     |  1- 3 |  4- 6 |  7- 9 || total
---------------------------+-------+-------+-------++-------
  Melee: Dagger            |     7 |     2 |     4 ||    13
         Tentacles         |     1 |     1 |     2 ||     4
         Constrict         |     1 |     1 |       ||     2
   Cast: Magic Dart        |    71 |   134 |    21 ||   226
         Searing Ray       |       |     6 |     6 ||    12
    Use: Potion            |       |       |     4 ||     4
         Scroll            |       |       |     1 ||     1
 Armour: Skin              |     1 |     1 |       ||     2
  Dodge: Dodged            |     6 |    25 |    16 ||    47

Table legend: (Time is in decaauts)
 A = Elapsed time spent in this place.
 B = Non-inter-level travel time spent in this place.
 C = Inter-level travel time spent in this place.
 D = Time resting spent in this place.
 E = Time spent auto-exploring this place.
 F = Levels seen in this place.
 G = Mean time per level.
                   A        B        C        D        E       F      G
               +--------+--------+--------+--------+--------+-----+--------+
         Total |   5498 |   5345 |    153 |    534 |   4222 |   5 | 1099.6 |
       Dungeon |   5498 |   5345 |    153 |    534 |   4222 |   5 | 1099.6 |
               +--------+--------+--------+--------+--------+-----+--------+

Top non-repeatable levels by time:
     D:4: 1829 daAuts
     D:2: 1302 daAuts
     D:1: 929 daAuts
     D:3: 736 daAuts
     D:5: 700 daAuts
